[Event "Late-Titled-Tuesday-Blitz-September-05-2023"]
[Site "Chess.com"]
[Date "2023.09.05"]
[Round "5"]
[White "Doudou2015"]
[Black "Alohamora11"]
[Result "0-1"]
[WhiteElo "2206"]
[BlackElo "2555"]
[TimeControl "180+1"]
[EndTime "14:57:48 PDT"]
[Termination "Alohamora11 won by resignation"]

1. b3 e5 2. Bb2 Nc6 3. e3 Nf6 4.
Bb5 Bd6 5. d4 exd4 6. exd4 O-O 7. d5 Re8+ 8. Ne2 Ne5 9. O-O c6 10. dxc6 dxc6 11. Bd3 Nxd3 12. Qxd3 Bxh2+ 13. Kxh2 Qxd3 14. cxd3 Rxe2 15. Bxf6 gxf6 16. Nc3 Rd2 17. Ne4 Rxd3 18. Nxf6+ Kg7 19. Nh5+ Kf8 20. Nf4 Rd4 21. g3 Bg4 22.
Rfe1 Rd2 23. Kg1 Rad8 24. Kg2 Rb2 25. Reb1 Rdd2 26. Rxb2 Rxb2 27. Nd3 Rd2 28. Ne5 h5 29. a3 Re2 30. Nxg4 hxg4 31. b4 Rb2 32. Rd1 Rb3 33.
Rd7 Rxa3 34. Rxb7 Ra4 35. b5 cxb5 36. Rxb5 a5 37. Rb7 Kg7 38. Kf1 Ra2 39. Ra7 a4 40.
Kg2 Kf6 41. Ra5 Ke6 42. Ra6+ Kf5 43. Ra5+ Kg6 44. Ra8 Ra1 45. Ra5 a3 46. Ra4 f5 47.
Ra7 Kf6 48. Ra8 Ke5 49. Ra5+ Ke4 50. Ra4+ Kd3 51. Ra5 Kc3 52. Rxf5 Rb1 53. Ra5 Kb3 54. f4 a2 55. f5 a1=Q 56. Rxa1 Rxa1 0-1

[Event "Late-Titled-Tuesday-Blitz-September-05-2023"]
[Site "Chess.com"]
[Date "2023.09.05"]
[Round "5"]
[White "IMSlavin"]
[Black "Dontmesswithme_2"]
[Result "0-1"]
[WhiteElo "2169"]
[BlackElo "2489"]
[TimeControl "180+1"]
[EndTime "14:57:51 PDT"]
[Termination "Dontmesswithme_2 won by resignation"]

1. e4 c5 2. g3 Nc6 3. Bg2 g6 4. Ne2 Bg7 5. O-O d6 6. Nbc3 e6 7. a3 Nge7 8. Rb1 b6 9. b4 Bb7 10. d3 O-O 11. Bd2 Rb8 12. Qc1 Qd7 13. Bh6 Nd4 14.
Bxg7 Kxg7 15. Nxd4 cxd4 16. Ne2 e5 17. c4 dxc3 18.
Nxc3 d5 19. exd5 Nxd5 20. Ne4 f5 21. Ng5 h6 22. Nf3 Rfe8 23. Re1 e4 24. dxe4 fxe4 25.
Qb2+ Kh7 26. Ne5 Qc7 27. Rxe4 Nc3 28. Rc4 Qxe5 29. Qxc3 Qxc3 30. Rxc3 Bxg2 31. Kxg2 Rb7 32. Rbc1 Ree7 33. h4 h5 34. b5 Rbd7 35. Rc8 Rf7 36. R1c2 Rd3 37. R8c3 Rd5 38. a4 Rdd7 39. Rc4 Kh6 40. Re2 Kg7 41. Re6 Rd2 42. Rf4 Rxf4 43. gxf4 Rd4 44. Re7+ Kf6 45. Rxa7 Rxf4 46. Kg3 Rg4+ 47.
Kh3 Kf5 48. Rb7 Rxa4 49. Rxb6 Ra2 50. Kg2 Ra4 51. Kg3 Rg4+ 52. Kh3 Rf4 53. Kg3 Rg4+ 54. Kh3 Rb4 55. Rb8 Kf4 56. Rg8 Rb3+ 57. Kg2 Kf5 58. Rf8+ Kg4 59. Rg8 Rxb5 60. Rxg6+ Kxh4 61. Rg8 Rb3 62. Rg7 Ra3 63. Rg6 Ra4 64. Rg7 Rf4 65. Rg6 Ra4 66.
Rg8 Rb4 67. Rg7 Rc4 68. Re7 Rg4+ 69. Kh2 Rf4 70. Kg2 Rg4+ 71. Kh2 Ra4 72. Re4+ Rxe4 73.
Kg2 Rg4+ 0-1

[Event "Late-Titled-Tuesday-Blitz-September-05-2023"]
[Site "Chess.com"]
[Date "2023.09.05"]
[Round "5"]
[White "dropstoneDP"]
[Black "kleinebeer98"]
[Result "0-1"]
[WhiteElo "3009"]
[BlackElo "2860"]
[TimeControl "180+1"]
[EndTime "14:57:52 PDT"]
[Termination "kleinebeer98 won by resignation"]

1. Nf3 d5 2. g3 Nc6 3. d4 g6 4.
Bg2 Bg7 5. O-O Nf6 6. Na3 O-O 7. c4 dxc4 8. Nxc4 a5 9. Nce5 Ra6 10. Nxc6 Rxc6 11. Bd2 b6 12. b4 axb4 13. Bxb4 Nd5 14. Qd2 Nxb4 15. Qxb4 Rc2 16. e3 Be6 17. Ng5 Bd5 18.
Bxd5 Qxd5 19. Qb3 Qxb3 20. axb3 c5 21. Nf3 cxd4 22. Nxd4 Bxd4 23. exd4 Rd8 24. Ra7 e6 25. Rb7 Rc6 26. Ra1 Rd5 27. Raa7 Rf5 28. f4 h6 29. Kg2 g5 30. fxg5 hxg5 31. Kh3 Kg7 32. Kg4 Kg6 33.
Ra8 Rd6 34. Rg8+ Kf6 35. Kh5 Rxd4 36. Kh6 Rf2 37. h4 gxh4 38. Rg7 Ke5 39. Rg5+ f5 40. gxh4 Rxh4+ 41. Kg6 Rb4 42. Kf7 Rxb3 43. Rg6 Kf4 44. Rxe6 Rh2 45. Rb8 Rh7+ 46. Kg6 Rh1 47. Rd8 Rg3+ 48. Kf7 Rh7+ 49. Kf6 Rh6+ 50. Kf7 Rg7+ 51.
Kxg7 Rxe6 52. Kf7 Rc6 53. Rd1 b5 54. Rb1 Rb6 55. Rb4+ Ke5 56. Rb3 b4 57. Ke7 Kd4 58. Kd7 Kc4 59. Rf3 b3 60. Rf4+ Kc3 61. Kc7 Rb4 62.
Rf3+ Kc2 63. Rf2+ Kb1 64. Rxf5 b2 65. Kc6 Ka2 66. Rf2 Ka1 0-1

[Event "Late-Titled-Tuesday-Blitz-September-05-2023"]
[Site "Chess.com"]
[Date "2023.09.05"]
[Round "5"]
[White "MKlose11"]
[Black "Murad_Ibrahimli"]
[Result "0-1"]
[WhiteElo "2633"]
[BlackElo "2920"]
[TimeControl "180+1"]
[EndTime "14:57:58 PDT"]
[Termination "Murad_Ibrahimli won by resignation"]

1. e4 e5 2. Nf3 Nc6 3. d4 exd4 4. Bc4 Bc5 5. Ng5 Ne5 6. Nxf7 Nxf7 7. Bxf7+ Kxf7 8. Qh5+ g6 9. Qxc5 d5 10. Qxd4 Nf6 11.
e5 Ne4 12. O-O c5 13. Qd1 c4 14. f3 Nc5 15. Nc3 Be6 16. Be3 b6 17. Qd2 Qc7 18. Nb5 Qc6 19. Nd6+ Kg8 20. Bd4 Rf8 21. Rae1 Qd7 22. Be3 h5 23. Bg5 Rh7 24. Bh6 Ra8 25. Bg5 Rf8 26. b4 Nb7 27. Nxb7 Qxb7 28. c3 Rhf7 29. Bf6 Rh7 30. Qd4 Qd7 31. Qd2 Kf7 32. Rd1 Rc8 33. Qc2 Bf5 34. Qf2 Be6 35. Rfe1 Kg8 36.
Ra1 Rf7 37. a4 d4 38. cxd4 c3 39. Rac1 Kh7 40. Qc2 Qxd4+ 41. Kh1 Qd2 42. a5 b5 43. Re2 Qxc2 44. Rexc2 Rfc7 45. h3 Bb3 46. Re2 Be6 47. Bg5 c2 48. Rd2 Rd7 49. Rd6 Rxd6 50. exd6 Rc6 51.
Kg1 Kg7 52. Kf2 Kf7 53. Ke3 Bb3 54. Bf4 Ke6 55. Kd2 Kd7 56. Re1 Rc4 57. Bg3 Rd4+ 58. Kc1 Rd1+ 59. Kb2 c1=Q+ 60. Kxb3 Rxe1 61. Bxe1 Qxe1 62. Kc2 Qe3 0-1

[Event "Late-Titled-Tuesday-Blitz-September-05-2023"]
[Site "Chess.com"]
[Date "2023.09.05"]
[Round "5"]
[White "colegiodemadrid"]
[Black "Athanasios2"]
[Result "1-0"]
[WhiteElo "2509"]
[BlackElo "2707"]
[TimeControl "180+1"]
[EndTime "14:57:59 PDT"]
[Termination "colegiodemadrid won on time"]

1. e4 c5 2. Nf3 d6 3. d4 cxd4 4. Nxd4 Nf6 5. Nc3 g6 6. Be3 Bg7 7. f3 Nc6 8. Qd2 O-O 9. O-O-O Bd7 10. g4 Ne5 11. Be2 Rc8 12. h4 h5 13. g5 Ne8 14.
Kb1 Nc7 15. f4 Ng4 16. Bg1 e5 17. Nb3 Be6 18. f5 gxf5 19. exf5 Bxf5 20. Qxd6 Qxd6 21. Rxd6 b6 22. Bf3 Ne6 23. Ne4 Rfd8 24. Rxd8+ Rxd8 25. Kc1 Nd4 26. Nxd4 exd4 27. Ng3 Be6 28. Nxh5 Be5 29. Bxg4 Bxg4 30. Nf6+ Bxf6 31. gxf6 d3 32. cxd3 Rxd3 33. Bh2 Rh3 34. Rg1 Rxh2 35. Rxg4+ Kf8 36. Rc4 Ke8 37.
Rc7 Rxh4 38. Re7+ Kf8 39. Rxa7 Kg8 40. Rb7 Rb4 41. a3 Rb5 42. b4 Kh7 43. Rxf7+ Kg6 44.
Rf8 Rf5 45. Kc2 Rf3 46. Kb2 b5 47. f7 Kg7 48. Rb8 Rf2+ 49. Kc3 Rf3+ 50. Kd4 Kxf7 51. Rxb5 Rxa3 52. Re5 Rb3 53. Kc5 Rc3+ 54. Kb6 Kf6 55. Re1 Rb3 56. b5 Rb2 57. Kc6 Rc2+ 58. Kb7 Rb2 59. b6 Rc2 60. Ka8 Ra2+ 61. Kb8 Rb2 62. b7 Kf7 63. Rc1 Ke7 64. Kc8 Rh2 65. b8=Q Rh8+ 66.
Kb7 Rxb8+ 67. Kxb8 Kd6 68. Kb7 Kd5 69. Kb6 Kd4 70.
Kb5 Kd3 71. Kb4 Kd2 72. Rc3 Ke2 73. Ra3 Kd2 74. Kc4 Ke2 75. Kd4 Kf2 76. Ke4 Kg2 77. Kf4 Kh2 78. Kg4 Kg2 79. Ra2+ Kf1 80. Kg3 Ke1 81. Kf3 Kd1 82. Ke3 Kc1 83. Rg2 Kb1 84.
Rh2 Kc1 85. Kd3 Kb1 86. Kc3 Ka1 87. Kb3 1-0

[Event "Late-Titled-Tuesday-Blitz-September-05-2023"]
[Site "Chess.com"]
[Date "2023.09.05"]
[Round "5"]
[White "Triumphmate"]
[Black "Dr_crypt"]
[Result "0-1"]
[WhiteElo "2523"]
[BlackElo "2389"]
[TimeControl "180+1"]
[EndTime "14:57:59 PDT"]
[Termination "Dr_crypt won by checkmate"]

1. e4 d5 2. exd5 Qxd5 3. Nc3 Qd6 4. g3 c6 5. Bg2 Bf5 6. Nge2 e6 7. d3 Qc7 8. Be3 Nf6 9. Qd2 Nbd7 10. O-O-O O-O-O 11. h3 h6 12. g4 Bh7 13. f4 Nd5 14. Nxd5 cxd5 15.
Qc3 Qxc3 16. Nxc3 Bc5 17. Bxc5 Nxc5 18. d4 Ne4 19. Nxe4 Bxe4 20. Bxe4 dxe4 21. c4 f5 22. Kc2 g5 23. Rhf1 Rdf8 24. gxf5 exf5 25. Kd2 Rhg8 26. Ke3 g4 27. Rh1 g3 28. Rhg1 h5 29.
Rg2 h4 30. d5 b6 31. b4 Kd7 32. c5 bxc5 33. bxc5 Rb8 34. Kd4 Rge8 35. Rc2 e3 36.
Re2 Rb4+ 37. Kd3 Ree4 38. c6+ Kd6 39. Rc2 Rbd4+ 40. Ke2 Rxd1 41. Kxd1 Rd4+ 42. Ke2 Kc7 43. Kxe3 Rxd5 44. Kf3 Rd6 45. Rc5 Rxc6 46. Rxf5 Rc3+ 47. Kg2 Rc2+ 48. Kg1 Rh2 49. Rf7+ Kd6 50. f5 Rxh3 51. Rxa7 Rh2 52. f6 Rf2 53. f7 Ke6 54. Ra4 h3 55. Ra3 h2+ 56. Kh1 Rf1+ 57. Kg2 h1=Q+ 58.
Kxg3 Qg1+ 59. Kh4 Rf4+ 60. Kh3 Rxf7 61. Ra6+ Ke5 62. Ra5+ Kd4 63. Rg5 Qxg5 64. a4 Rh7# 0-1

[Event "Late-Titled-Tuesday-Blitz-September-05-2023"]
[Site "Chess.com"]
[Date "2023.09.05"]
[Round "5"]
[White "Parhamov"]
[Black "nihalsarin"]
[Result "1-0"]
[WhiteElo "2971"]
[BlackElo "3137"]
[TimeControl "180+1"]
[EndTime "14:58:01 PDT"]
[Termination "Parhamov won by checkmate"]

1. e4 e5 2. Nf3 Nc6 3. Bb5 a6 4. Ba4 Nf6 5. O-O Bc5 6. d3 d6 7. a3 O-O 8. h3 h6 9. Bxc6 bxc6 10. Re1 Re8 11. Nbd2 Be6 12. Nf1 a5 13. Ng3 Rb8 14. b3 Bb6 15. a4 Nh7 16. d4 exd4 17. Nxd4 Bd7 18. Be3 Ng5 19. Qd3 Qf6 20. Rad1 Rbd8 21.
Ndf5 Bxf5 22. exf5 d5 23. Nh5 Qd6 24. Bxb6 cxb6 25.
Qd4 f6 26. Qxb6 Ne4 27. Qxa5 Re7 28. f3 Ng5 29. Rxe7 Qxe7 30. Re1 Qd6 31. Qa7 Nf7 32. Qe7 d4 33. Qxd6 Nxd6 34. g4 Kf7 35. Nf4 Nb7 36.
Re6 Rc8 37. Kf2 c5 38. Nd5 Nd8 39. Re7+ Kf8 40. Rc7 Rb8 41. Rxc5 d3 42. cxd3 Rxb3 43. Nf4 Nf7 44. Rc8+ Ke7 45. Rc7+ Ke8 46. Ne6 Rxd3 47.
Nxg7+ Kf8 48. Ne6+ Ke8 49. a5 Ra3 50. Ng7+ Kf8 51.
Ne6+ Ke8 52. Ra7 Ne5 53. f4 Nd3+ 54. Kg2 Ne1+ 55. Kf2 Nd3+ 56. Ke2 Nb4 57. h4 Nc6 58. Rc7 Nxa5 59. g5 Ra2+ 60. Kf3 hxg5 61. fxg5 Nb7 62. gxf6 Ra3+ 63. Kf4 Nd6 64. Re7# 1-0

[Event "Late-Titled-Tuesday-Blitz-September-05-2023"]
[Site "Chess.com"]
[Date "2023.09.05"]
[Round "5"]
[White "alexrustemov"]
[Black "Leo_C"]
[Result "1/2-1/2"]
[WhiteElo "2874"]
[BlackElo "2623"]
[TimeControl "180+1"]
[EndTime "14:58:02 PDT"]
[Termination "Game drawn - insufficient material"]

1. d4 Nf6 2. c4 e6 3. Nf3 d5 4. Bg5 Be7 5. e3 h6 6. Bh4 O-O 7. Nc3 Nbd7 8. Rc1 c6 9. Bd3 b6 10. O-O Bb7 11. Qe2 c5 12. Rfd1 cxd4 13. Nxd4 Ne5 14.
cxd5 Nxd3 15. Qxd3 Nxd5 16. Bxe7 Qxe7 17. Nxd5 Bxd5 18. e4 Bb7 19. Qe3 Rac8 20. f3 Rxc1 21. Rxc1 Rd8 22. Ne2 Rd7 23. a3 Ba6 24. Nc3 Rd3 25.
Qf2 Qd6 26. Qe1 Qd4+ 27. Kh1 Rd2 28. Rd1 Rxd1 29. Qxd1 Qf2 30. Nb1 Qxb2 31. h3 Bc4 32. Qd8+ Kh7 33. Nd2 Be2 34. Qd6 b5 35. Qb4 Qc1+ 36.
Kh2 Qc7+ 37. Kg1 a5 38. Qd4 e5 39. Qe3 Qc1+ 40. Kh2 Bc4 41. Nxc4 Qxc4 42. Qa7 a4 43. Qe7 Qb3 44. Qxe5 Qxa3 45. Qf5+ Kg8 46. Qc8+ Qf8 47.
Qb7 Qe8 48. Qa7 g6 49. h4 h5 50. g4 hxg4 51. fxg4 b4 52. h5 gxh5 53. gxh5 Qe5+ 54.
Kg1 Qg5+ 55. Kf2 Qxh5 56. Qxa4 Qh4+ 57. Ke3 Qg3+ 58. Kd4 Qc3+ 59. Kd5 b3 60. Qe8+ Kg7 61. Qe7 Qf6 62. Qb7 b2 63. e5 Qe6+ 64. Kd4 Qg4+ 65.
Kc5 Qg6 66. Qxb2 Qe6 67. Qd4 f6 68. Qg1+ Kf7 69. exf6 Qxf6 70. Qd4 Qxd4+ 71. Kxd4 1/2-1/2

[Event "Late-Titled-Tuesday-Blitz-September-05-2023"]
[Site "Chess.com"]
[Date "2023.09.05"]
[Round "5"]
[White "Witik"]
[Black "lachesisQ"]
[Result "0-1"]
[WhiteElo "2680"]
[BlackElo "3075"]
[TimeControl "180+1"]
[EndTime "14:58:10 PDT"]
[Termination "lachesisQ won by resignation"]

1. d4 Nf6 2. Bf4 c5 3. e3 d5 4.
c3 Nc6 5. Nd2 Qb6 6. Qb3 Nh5 7.
Qxb6 axb6 8. Bc7 c4 9. Bxb6 e6 10. Ngf3 Bd6 11. e4 Nf6 12. Bc5 Bxc5 13. dxc5 Nd7 14. exd5 exd5 15. b4 Ra3 16. Nb1 Ra7 17.
a4 Nf6 18. a5 O-O 19. Ra2 Ne4 20. Nfd2 Ng5 21. f3 Bf5 22. Na3 d4 23. Nb5 dxc3 24.
Nxc3 Nxb4 25. Ra4 Nd3+ 26. Bxd3 cxd3 27. Kf2 Ne6 28. Nb3 Raa8 29. g4 Bg6 30. h4 h5 31. Rd1 Rfc8 32. Nd5 Nxc5 33. Ne7+ Kh7 34. Nxc5 Rxc5 35. Nxg6 Kxg6 36. Rxd3 Raxa5 37. Rxa5 Rxa5 38. Rd6+ f6 39. Rb6 Ra7 40. Kg3 hxg4 41. fxg4 Kf7 42. Kf4 Ra4+ 43. Kf3 Ra7 44. h5 Kg8 45. Kf4 Kh7 46.
Kf5 Ra5+ 47. Kf4 Ra7 48. Kf5 Ra5+ 49. Kf4 Ra4+ 50. Kf5 Ra7 51. Kf4 Kh6 52. g5+ Kxh5 53. gxf6 Ra4+ 54. Ke5 Ra5+ 55. Ke6 gxf6 56. Rxb7 Kg6 57.
Rb8 Re5+ 58. Kd6 Re1 59. Rb5 f5 60. Rb8 f4 61. Rf8 Kg5 62. Kd5 Kg4 63. Kd4 f3 64. Rg8+ Kf4 65. Rf8+ Kg3 66. Rg8+ Kf2 67. Kd3 Re7 68. Rf8 Kg2 69. Rg8+ Kf1 70. Rf8 f2 71.
Kd2 Re4 72. Rf5 Re6 73. Rf8 Rd6+ 74. Ke3 Ke1 0-1

[Event "Late-Titled-Tuesday-Blitz-September-05-2023"]
[Site "Chess.com"]
[Date "2023.09.05"]
[Round "5"]
[White "Garmendiarov"]
[Black "Chessbard1972"]
[Result "1-0"]
[WhiteElo "2358"]
[BlackElo "2499"]
[TimeControl "180+1"]
[EndTime "14:58:11 PDT"]
[Termination "Garmendiarov won by checkmate"]

1. e4 c5 2. Nf3 a6 3. c3 d5 4. exd5 Qxd5 5. d4 Nf6 6. Be3 cxd4 7.
cxd4 Bg4 8. Be2 e6 9. Nc3 Qd6 10. O-O Nc6 11. h3 Bh5 12. Qb3 Qb4 13. Qc2 Be7 14. a3 Qd6 15. Rfd1 O-O 16. Rac1 Rfd8 17. Qb3 b5 18. a4 Na5 19. Qa2 b4 20. Nb1 Rac8 21. Nbd2 h6 22. Nc4 Nxc4 23. Rxc4 a5 24. Rdc1 Rxc4 25. Qxc4 Qd5 26. Qc7 Bf8 27. Bc4 Qd6 28. Qxd6 Bxd6 29. Ne5 Bxe5 30. dxe5 Nd5 31. Bc5 Rc8 32. Bxd5 exd5 33. Be3 Rc4 34. Rxc4 dxc4 35.
Bb6 c3 36. bxc3 bxc3 37. Bxa5 c2 38. Bd2 Kf8 39. Kf1 Ke7 40. Ke1 Ke6 41. f4 Bd1 42. g4 Kd5 43. Bc1 Kc4 44. Kd2 Kb4 45. Ke3 Kxa4 46.
Ke4 Kb5 47. Kd5 Bf3+ 48. Kd6 Bg2 49. h4 Bh3 50. Ke7 Bxg4 51. Kxf7 Kc6 52. Kxg7 h5 53. Kf7 Kd5 54. Kf6 Bc8 55. f5 Ke4 56. e6 Kd5 57. e7 Bd7 58. Kf7 Ke5 59. f6 Kf5 60.
Bb2 Ba4 61. e8=Q Bxe8+ 62. Kxe8 c1=Q 63. Bxc1 Kxf6 64. Bg5+ Kg6 65. Ke7 Kh7 66. Ke6 Kg6 67. Ke5 Kg7 68. Kf5 Kh7 69. Kf6 Kh8 70. Kg6 Kg8 71.
Kxh5 Kh8 72. Kh6 Kg8 73. h5 Kh8 74. Bf6+ Kg8 75. Kg6 Kf8 76. h6 Ke8 77. h7 Kd7 78. h8=Q Kc6 79. Qd8 Kc5 80. Qd4+ Kc6 81. Bg5 Kb5 82.
Qc3 Kb6 83. Qc4 Kb7 84. Qc5 Kb8 85. Qc6 Ka7 86. Qb5 Ka8 87. Kf6 Ka7 88. Ke6 Ka8 89. Kd6 Ka7 90. Kc7 Ka8 91. Qa4# 1-0

[Event "Late-Titled-Tuesday-Blitz-September-05-2023"]
[Site "Chess.com"]
[Date "2023.09.05"]
[Round "5"]
[White "korason34"]
[Black "drinbet"]
[Result "1-0"]
[WhiteElo "2690"]
[BlackElo "2278"]
[TimeControl "180+1"]
[EndTime "14:58:22 PDT"]
[Termination "korason34 won by resignation"]

1. d4 Nf6 2. c4 e5 3. dxe5 Ng4 4. Bf4 Nc6 5. Nf3 Bb4+ 6. Nbd2 Qe7 7. e3 Ngxe5 8. Nxe5 Nxe5 9. a3 Bxd2+ 10. Qxd2 d6 11.
Be2 O-O 12. O-O Be6 13. Qc3 f6 14. b4 Rad8 15. h3 Bf7 16. Bh2 c6 17. Rad1 Rfe8 18. Rfe1 d5 19. cxd5 Bxd5 20. Bf1 Nf7 21. e4 Be6 22. f4 Rxd1 23. Rxd1 Rd8 24. Re1 a6 25. e5 f5 26. Bg3 Bd5 27. Bf2 b5 28. Be2 Qe6 29.
Rc1 Rd7 30. Bf3 Nd8 31. Bb6 h6 32. Bxd5 cxd5 33. Qc8 Qxb6+ 34. Kh1 Qe6 35. Rc7 Rxc7 36. Qxd8+ Kh7 37. Qxc7 d4 38. Qd6 Qc4 39. e6 Qc1+ 40.
Kh2 Qe3 41. e7 d3 42. Qe5 Qxe5 43. fxe5 d2 44. e8=Q d1=Q 45. Qc8 Qd3 46. e6 Qe4 47. Qxa6 Qf4+ 48. Kg1 Qc1+ 49. Kf2 Qd2+ 50. Kf3 Qd3+ 51. Kf4 Qe4+ 52. Kg3 Qe5+ 53. Kf2 Qd4+ 54. Ke2 Qb2+ 55.
Kd3 Qb3+ 56. Kd4 Qc4+ 57. Ke5 Qe4+ 58. Kd6 f4 59. Qc6 Qg6 60. Kd7 Qf5 61. Qd6 g5 62. Kd8 g4 63. e7 f3 64. gxf3 Qg5 65.
fxg4 h5 66. gxh5 Qh4 67. Qg6+ Kh8 68. Qh6+ Kg8 69. Qe6+ Kh8 70. Qe5+ Kh7 71. Kd7 Qxh3+ 72. Kc7 Qg4 73. e8=Q Qc4+ 74. Qc5 Qf4+ 75. Qee5 Qf7+ 76. Qce7 Kh6 77. Qe3+ Kxh5 78. Qxf7+ Kg4 79. Qee6+ 1-0

[Event "Late-Titled-Tuesday-Blitz-September-05-2023"]
[Site "Chess.com"]
[Date "2023.09.05"]
[Round "5"]
[White "chessisveryfun1264"]
[Black "Aradhya2000"]
[Result "1-0"]
[WhiteElo "2533"]
[BlackElo "2720"]
[TimeControl "180+1"]
[EndTime "14:58:29 PDT"]
[Termination "chessisveryfun1264 won by checkmate"]

1. e4 e5 2. Nf3 Nc6 3. Bc4 Nf6 4. d3 h6 5. O-O Bc5 6. c3 d6 7. Be3 O-O 8. h3 Bxe3 9. fxe3 Be6 10. Bxe6 fxe6 11.
Qe2 a5 12. Nbd2 Qe8 13. d4 Nd7 14. Qb5 Ra7 15. Nc4 exd4 16. exd4 Nf6 17. e5 Ne4 18. exd6 Nxd6 19. Nxd6 cxd6 20. d5 Ne5 21. Qxe8 Rxe8 22. Nxe5 dxe5 23. Rad1 Ra6 24. Rfe1 exd5 25. Rxd5 e4 26.
Kf2 a4 27. Ke3 Rg6 28. Re2 Rg3+ 29. Kf4 Rg6 30. Re5 Rc8 31. a3 Rf6+ 32. Kxe4 Rb6 33. Kd3 Rd6+ 34. Kc2 b6 35. R5e4 Ra8 36. Rb4 Ra5 37. g4 h5 38. Ree4 hxg4 39. hxg4 b5 40. Re5 Rb6 41. Rc5 Rg6 42. g5 Re6 43. Rbxb5 Rxb5 44.
Rxb5 Kf7 45. c4 Kg6 46. Rd5 Re2+ 47. Kc3 Re3+ 48. Kd4 Re2 49. Rb5 Kh5 50. c5 Rc2 51.
Kd5 Kxg5 52. c6 Kf6 53. Kd6 Rd2+ 54. Kc7 Rc2 55. Kb6 Ke6 56. Rc5 Rxb2+ 57. Ka7 Kd6 58. c7 Kxc5 59. c8=Q+ Kd4 60. Qc6 Rb3 61. Qxa4+ Kc3 62.
Qc6+ Kb2 63. a4 Ka3 64. a5 g5 65. Qc5+ Ka4 66. a6 Rb5 67. Qc2+ Ka5 68. Qa2+ Kb4 69.
Qe2 Rd5 70. Kb7 Rb5+ 71. Qxb5+ Kxb5 72. a7 g4 73. a8=Q g3 74. Qg8 Kc5 75. Qxg3 Kd4 76. Qg5 Kc3 77. Kc6 Kd3 78. Kc5 Ke4 79. Kc4 Kf3 80. Qh4 Kg2 81. Kd3 Kf3 82. Qf6+ Kg4 83. Ke3 Kg3 84. Qg7+ Kh3 85. Kf3 Kh4 86. Qh6# 1-0

[Event "Late-Titled-Tuesday-Blitz-September-05-2023"]
[Site "Chess.com"]
[Date "2023.09.05"]
[Round "5"]
[White "realburq"]
[Black "InadaC"]
[Result "1-0"]
[WhiteElo "2378"]
[BlackElo "2146"]
[TimeControl "180+1"]
[EndTime "14:58:33 PDT"]
[Termination "realburq won by checkmate"]

1. e4 e6 2. d4 d5 3. Nd2 c5 4.
Ngf3 cxd4 5. exd5 exd5 6. Nb3 Nf6 7. Nbxd4 Be7 8. Bd3 O-O 9. O-O Nc6 10. c3 Bg4 11. h3 Bh5 12. Be3 Re8 13. Rc1 Rc8 14. Qa4 Bxf3 15. Nxf3 a6 16. Rfe1 Bd6 17. Bg5 Rxe1+ 18.
Rxe1 h6 19. Bh4 Be7 20. Bb1 Qd7 21. Qc2 Ne4 22. Bxe7 Nxe7 23. Nd4 Ng6 24. Qb3 Nd2 25. Qc2 Nxb1 26. Qxb1 Re8 27. Rxe8+ Qxe8 28. g3 Qe5 29. Kg2 Ne7 30. Qd1 Nc6 31. Nf3 Qe4 32. Qe1 Qg6 33. Qe8+ Kh7 34. Qe3 Qc2 35. Qd2 Qe4 36. Qe3 Qb1 37. b4 Qxa2 38. Qd3+ g6 39. h4 Qc4 40.
Qe3 Qe4 41. Qxe4 dxe4 42. Nd2 f5 43. Kf1 Kg7 44. Ke2 Kf6 45. Ke3 Ne5 46. Kd4 b6 47.
Kd5 a5 48. bxa5 bxa5 49. c4 a4 50. c5 Nd7 51. Kd6 Ne5 52. c6 a3 53. c7 a2 54. Nb3 Nc4+ 55. Kc5 Na5 56. Nxa5 a1=Q 57. c8=Q Qc3+ 58. Nc4 Kg7 59. Qc6 Qc1 60. Qd7+ Kf6 61.
Qd6+ Kg7 62. Qe7+ Kh8 63. Qf8+ Kh7 64. Qf7+ Kh8 65. Qxg6 h5 66. Qf6+ Kh7 67. Qxf5+ Kg8 68. Qg5+ Qxg5+ 69. hxg5 Kf7 70. Kd4 Kg6 71. Kxe4 Kxg5 72.
Kf3 Kf5 73. Ne3+ Kg5 74. Ng2 Kh6 75. Nh4 Kg5 76. Kg2 Kh6 77. f4 Kg7 78. Kf3 Kf6 79. Ke4 Kg7 80. Kf5 Kh6 81. Kf6 Kh7 82. Kg5 Kg7 83.
Kxh5 Kh7 84. g4 Kg7 85. Nf3 Kh7 86. Ng1 Kg7 87. f5 Kh7 88. Kg5 Kg7 89. f6+ Kf7 90. Kf5 Kg8 91. Ke6 Kf8 92. f7 Kg7 93. Ke7 Kh7 94.
f8=Q Kg6 95. Nf3 Kh7 96. Nd4 Kg6 97. Ne6 Kh7 98. Qg7# 1-0

[Event "Late-Titled-Tuesday-Blitz-September-05-2023"]
[Site "Chess.com"]
[Date "2023.09.05"]
[Round "5"]
[White "mbojan"]
[Black "Amirreza_p"]
[Result "0-1"]
[WhiteElo "2812"]
[BlackElo "2610"]
[TimeControl "180+1"]
[EndTime "14:59:02 PDT"]
[Termination "Amirreza_p won by checkmate"]

1. Nf3 d5 2. g3 Bg4 3. Bg2 Nd7 4. O-O e6 5. d3 Bd6 6. Nbd2 Ne7 7. e4 O-O 8. Re1 c5 9. c3 Nc6 10. Qc2 Qc7 11.
Nf1 d4 12. c4 e5 13. h3 Bh5 14.
Nh4 Ne7 15. Bf3 Bxf3 16. Nxf3 a6 17. b3 b5 18. N1d2 Nb6 19. Kg2 Qd7 20. Nh4 Rac8 21.
Ba3 g6 22. Re2 Nc6 23. Rc1 Nd8 24. Qd1 Ne6 25. Ndf3 Qb7 26. Kg1 Nd7 27. Rcc2 Rce8 28. Bc1 f6 29. Bh6 Rf7 30. Bc1 Nb8 31. Re1 Nc6 32. Rce2 Nb4 33. Ba3 Nc6 34. Qc1 b4 35.
Bb2 a5 36. Qc2 a4 37. Rb1 Ra8 38. Bc1 Qc8 39. Re1 Rfa7 40. Kg2 Ncd8 41. Bb2 Nf7 42. Kh2 axb3 43. axb3 Ra2 44. Ra1 Neg5 45. Nxg5 Nxg5 46. g4 Bf8 47. Rxa2 Rxa2 48. Ra1 Rxa1 49. Bxa1 Qa6 50.
Bb2 Ne6 51. Bc1 Qa8 52. Ng2 Bg7 53. Qb1 Qa6 54. Qc2 Qa5 55. Kg3 Kf7 56. f3 Bf8 57.
h4 Bd6 58. Kh2 Bc7 59. Kg1 Bd6 60. Kf2 Nd8 61. Ke2 Nc6 62. Kd1 Nd8 63. Qb2 Ne6 64. Kc2 h5 65. gxh5 gxh5 66. Kb1 Qa8 67. Qd2 Qg8 68.
Qf2 Bf8 69. f4 Bd6 70. f5 Nf8 71. Qf3 Qg4 72. Qxg4 hxg4 73. Kc2 Nd7 74. Kd1 Bf8 75. Ke2 Kg8 76. Kf2 Kh7 77. Kg3 Bh6 78. Bxh6 Kxh6 79.
Kxg4 Nb8 80. h5 Nc6 81. Nh4 Na5 82. Ng6 Nxb3 83. Ne7 Nc1 84. Nd5 b3 85. Nxf6 b2 86. Ng8+ Kg7 87. Ne7 b1=Q 88. Kg5 Qxd3 89. f6+ Kf7 90. h6 Qe3+ 91. Kf5 Qf4# 0-1

[Event "Late-Titled-Tuesday-Blitz-September-05-2023"]
[Site "Chess.com"]
[Date "2023.09.05"]
[Round "5"]
[White "Jospem"]
[Black "jk13"]
[Result "1/2-1/2"]
[WhiteElo "3026"]
[BlackElo "2677"]
[TimeControl "180+1"]
[EndTime "14:59:09 PDT"]
[Termination "Game drawn by repetition"]

1. e4 e5 2. Nf3 Nc6 3. Nc3 Nf6 4. h3 d5 5. exd5 Nxd5 6. Bb5 Nxc3 7. bxc3 Bd6 8. O-O O-O 9. d4 exd4 10. cxd4 Bf5 11.
Bg5 Be7 12. Bxc6 Bxg5 13. Bxb7 Rb8 14. Ba6 Bf6 15. Bd3 Be6 16. c3 c5 17. Be4 Qa5 18.
Qd3 g6 19. Rfd1 Rfd8 20. Qe3 cxd4 21. cxd4 Rb4 22. Rd2 Kg7 23. g4 h6 24. Rad1 Ra4 25. d5 Bd7 26. Bb1 Re8 27. Qb3 Ra3 28. Qb7 Ba4 29.
d6 Bxd1 30. Rxd1 Qb6 31. Qxb6 axb6 32. Nd2 Ra4 33. Nb3 Rc4 34. Kg2 Rd8 35. Rd5 Rc6 36.
Rb5 Rdxd6 37. Be4 Rc3 38. a4 Rc4 39. Bf3 Rxa4 40. Nc1 Ra3 41. Ne2 Ra2 42. Ng3 Rdd2 43. Ne4 Rdb2 44. Rd5 Bh4 45. Bd1 Bxf2 46. Kf3 Ra3+ 47.
Kg2 Bd4+ 48. Kf1 Rxh3 49. Be2 Rh1+ 50. Kg2 Rg1+ 51. Kf3 Bf6 52. Rd7 b5 53. Nc5 Re1 54.
Bd3 Rd2 55. Ne4 Red1 56. Nf2 Re1 57. Ne4 Rdd1 58. Nf2 Bg5 59. Nxd1 Rxd1 60. Bxb5 Rd2 61. Rc7 Rd4 62. Bc4 Rf4+ 63. Kg3 Rf6 64. Kg2 Bf4 65. Rd7 Bg5 66. Bd5 Bh4 67. Kh3 g5 68.
Be4 Rf4 69. Bd5 Rf2 70. Rb7 Rf4 71. Rd7 Kf8 72. Rb7 Ke8 73. Ra7 f6 74. Rb7 Rd4 75.
Bf7+ Kd8 76. Bg6 Rd7 77. Rxd7+ Kxd7 78. Kg2 Kd6 79. Kf3 Ke5 80. Bf7 Be1 81. Bh5 Bb4 82.
Bg6 Bd6 83. Bh7 Ke6 84. Bf5+ Kf7 85. Ke4 Kg7 86. Kd5 Bf4 87. Ke6 Be5 88. Kd5 Kf7 89. Be6+ Ke7 90. Bf5 Kd8 91. Be4 Kc7 92. Bf5 Kb6 93. Kc4 Kc6 94. Bg6 Kd6 95. Bf5 Bg3 96.
Kd3 Ke5 97. Ke3 Bh2 98. Bg6 Bg1+ 99. Kf3 Bc5 100. Bc2 Kd4 101. Bb1 Kc3 102. Bh7 Kd2 103. Bf5 Ke1 104. Bg6 Kf1 105. Be4 Kg1 106. Bg6 Kh2 107. Ke4 Kh3 108. Kf5 Bd4 109. Bh5 Kh4 110. Bg6 Be5 111. Bh5 Kg3 112. Bg6 Kf3 113. Bh5 Ke3 114. Bg6 Kf3 115. Bh5 Kg3 116. Bg6 Kf3 1/2-1/2